 Dungeon Crawl Stone Soup version 0.22-a0-617-g6d95e9e (webtiles) character file.

7209 Supahsalami the Cleaver (level 10, -2/94 HPs)
             Began as a Minotaur Berserker on July 12, 2018.
             Was an Elder of Trog.
             Killed from afar by an orc sorcerer (19 damage)
             ... with a bolt of fire
             ... on level 1 of the Orcish Mines.
             The game lasted 00:27:25 (9522 turns).

Supahsalami the Cleaver (Minotaur Berserker)        Turns: 9522, Time: 00:27:25

Health: -2/94      AC: 14    Str: 25    XL:     10   Next: 87%
Magic:  9/9        EV:  6    Int:  4    God:    Trog [****..]
Gold:   617        SH:  3    Dex: 10    Spells: 9/9 levels left

rFire    . . .     SeeInvis .   a - +4 war axe (curse)
rCold    + . .     Gourm    +   t - +0 buckler
rNeg     . . .     Faith    .   Q - +0 plate armour
rPois    .         Spirit   .   (helmet restricted)
rElec    .         Reflect  .   (no cloak)
rCorr    +         Harm     .   L - +0 pair of gloves
MR       ++...                  (no boots)
Stlth    ..........             u - amulet of the gourmand
HPRegen  1.25/turn              E - ring of protection from cold
MPRegen  0.11/turn              G - ring of resist corrosion

@: lethally poisoned (-2 -> -2), berserk cooldown, regenerating, slowed, heavily
drained, very slow
A: retaliatory headbutt, horns 2
a: Berserk, Trog's Hand, Brothers in Arms, Renounce Religion


You were on level 1 of the Orcish Mines.
You worshipped Trog.
Trog was greatly pleased with you.
You were full.

You visited 2 branches of the dungeon, and saw 11 of its levels.

You collected 617 gold pieces.

Inventory:

Hand Weapons
 a - a cursed +4 war axe (weapon)
 d - a +3 hand axe
 v - a +1 spear of freezing
 w - a +0 trident of venom
 N - a +2 spear of piercing
 P - a +2 quarterstaff of pain
 R - a +1 mace of pain
 W - the +10 hunting sling of Yvuerife {velocity, +Blink rC- Int+4, unknown}
   (You found it on level 9 of the Dungeon)

   Any stone fired from it inflicts extra damage.
   It affects your intelligence (+4).
   It makes you vulnerable to cold.
   It lets you blink.
Missiles
 y - 23 tomahawks (quivered)
 H - 2 silver javelins
Armour
 t - a +0 buckler (worn)
 L - a +0 pair of gloves (worn)
 Q - a +0 plate armour (worn)
Jewellery
 g - an uncursed ring of see invisible
 u - an amulet of the gourmand (around neck)
 A - an uncursed amulet of harm
 C - an uncursed ring of ice
 E - a ring of protection from cold (left hand)
 G - a ring of resist corrosion (right hand)
 V - an uncursed ring of positive energy
Wands
 O - a wand of enslavement (6)
 X - a wand of clouds (5)
Scrolls
 b - a scroll of immolation
 f - 2 scrolls of amnesia {unknown}
 i - a scroll of random uselessness {unknown}
 j - 4 scrolls of remove curse
 k - a scroll of blinking {unknown}
 m - 3 scrolls of teleportation
 o - a scroll of magic mapping
 q - 3 scrolls of enchant armour
 B - a scroll of enchant weapon {unknown}
 M - a scroll of holy word {unknown}
 U - a scroll of silence {unknown}
Potions
 h - 4 potions of cancellation
 l - 2 potions of curing
 n - 2 potions of mutation {unknown}
 p - 2 potions of might {unknown}
 r - 2 potions of heal wounds {unknown}
 s - 2 potions of brilliance {unknown}
 z - 3 potions of lignification {unknown}
 I - a potion of degeneration {unknown}
 J - a potion of berserk rage {unknown}
 K - 3 potions of resistance {unknown}
 S - a potion of flight {unknown}
 Y - a potion of invisibility {unknown}
 Z - a potion of agility {unknown}
Comestibles
 c - 19 rations


   Skills:
 + Level 10.5(8.0) Fighting
 * Level 13.9(11.2) Axes
 + Level 10.2(7.6) Armour
 - Level 2.2(0.1) Dodging
 + Level 2.0(0.0) Shields


You had 9 spell levels left.
You didn't know any spells.
Your spell library was empty.

Dungeon Overview and Level Annotations

Branches:
Dungeon (10/15)            Temple (0/1) D:7             Orc (1/2) D:9
   Lair: D:8-11

Altars:
Ashenzari
Cheibriados
Dithmenos
Elyvilon
Fedhas
Gozag
Hepliaklqana
Kikubaaqudgha
Makhleb
Qazlal
Uskayaw
Vehumet
Xom
Zin

Shops:
D:7 (%([


Innate Abilities, Weirdness & Mutations

You reflexively headbutt those who attack you in melee.
You have a pair of horns on your head.


Message History

The orc sorcerer hits you but does no damage.
You are poisoned.
The neqoxec barely misses your ogre.
You closely miss the orc sorcerer. Your headbutt misses the orc sorcerer.
The orc sorcerer is lightly wounded.
You slash the neqoxec!
You feel sick.
Your ogre closely misses the neqoxec.
Your ogre barely misses the neqoxec.
The orc sorcerer barely misses you. The neqoxec hits you.
* * * LOW HITPOINT WARNING * * *
You closely miss the orc sorcerer.
The orc sorcerer is lightly wounded.
Your shield and plate armour prevent you from hitting the iron imp.
You slash the neqoxec!
You kill the neqoxec!
The iron imp disappears in a puff of smoke!
You feel sick.
Your ogre rages.
The orc sorcerer points at you and mumbles some strange words.
The bolt of fire hits you!
You die...

.#. #.#. .. ... ...
... #.. ....... ..
...#....
##.##.#.......
#.........>....
##.Oo§.........
###...@.##.......$
#........#.......$..
#....#........#......
##...................
##...#......#.......
#........))).#......
#..........(.......#.
...#.##...#....#((...
#..........#.).(#


You could see an orc sorcerer and a friendly ogre (berserk).

Vanquished Creatures
  An orc knight (Orc:1)
  Joseph (D:7)
  Maurice (D:9)
  A kobold demonologist (D:8)
  Prince Ribbit (D:7)
  Grinder (D:3)
  2 hippogriffs (D:7)
  A wyvern (D:8)
  A spriggan (D:9)
  Edmund (D:4)
  2 sky beasts (D:7)
  2 orc warriors (Orc:1)
  A black bear (D:7)
  2 ice beasts (D:9)
  3 phantoms
  7 ogres
  A centaur (D:9)
  3 big kobolds
  Blork the orc (D:4)
  2 bullfrogs (D:6)
  A gnoll sergeant (D:6)
  3 scorpions
  2 jellies
  10 killer bees
  8 wights
  3 crimson imps
  3 howler monkeys
  A bullfrog zombie (D:6)
  4 orc priests
  3 hounds
  7 orc wizards
  3 iguanas
  4 worker ants
  A hound zombie (D:4)
  A hound skeleton (D:6)
  A worker ant zombie (D:5)
  19 gnolls
  A howler monkey skeleton (D:5)
  10 adders
  2 shadow imps (D:8)
  3 adder zombies
  3 worms
  2 dart slugs (D:1)
  2 leopard geckos
  32 orcs
  A ball python (D:1)
  8 bats
  5 giant cockroaches
  12 goblins
  6 hobgoblins
  12 jackals
  21 kobolds
  5 quokkas
  A ball python skeleton (D:4)
  A frilled lizard (D:3)
  A jackal skeleton (D:6)
  A leopard gecko zombie (D:5)
  A quokka skeleton (D:7)
  8 rats
247 creatures vanquished.

Vanquished Creatures (collateral kills)
  A kobold demonologist (D:8)
  A troll (D:9)
  A warg (Orc:1)
  A kobold (D:8)
4 creatures vanquished.

Grand Total: 251 creatures vanquished

Notes
Turn   | Place    | Note
-------+----------+-------------------------------------------
     0 | D:1      | Supahsalami the Minotaur Berserker began the quest for the Orb.
     0 | D:1      | Reached XP level 1. HP: 19/19 MP: 0/0
   461 | D:1      | Reached skill level 4 in Axes
   461 | D:1      | Reached XP level 2. HP: 27/27 MP: 1/1
   793 | D:1      | Reached XP level 3. HP: 32/33 MP: 2/2
  1640 | D:2      | Found a hazy altar of Hepliaklqana.
  1754 | D:2      | Found an opulent altar of Gozag.
  1775 | D:2      | Reached ** piety under Trog
  2265 | D:3      | Reached XP level 4. HP: 41/41 MP: 3/3
  2267 | D:3      | Reached skill level 5 in Axes
  2378 | D:3      | Found a hide-covered altar of Uskayaw.
  2426 | D:3      | Reached XP level 5. HP: 19/47 MP: 4/4
  2917 | D:3      | Found a radiant altar of Vehumet.
  3116 | D:3      | Found a blossoming altar of Fedhas.
  3130 | D:3      | Found an ancient bone altar of Kikubaaqudgha.
  3160 | D:3      | Reached skill level 6 in Axes
  3227 | D:3      | Noticed an ogre
  3228 | D:3      | Noticed Grinder
  3237 | D:3      | Killed an ogre
  3237 | D:3      | Reached skill level 5 in Fighting
  3237 | D:3      | Reached XP level 6. HP: 56/56 MP: 5/5
  3251 | D:3      | Killed Grinder
  3251 | D:3      | Reached skill level 7 in Axes
  3806 | D:4      | Reached *** piety under Trog
  3848 | D:4      | Noticed Blork the orc
  3860 | D:4      | Killed Blork the orc
  3860 | D:4      | Reached skill level 5 in Armour
  3860 | D:4      | Reached XP level 7. HP: 48/62 MP: 6/6
  4122 | D:4      | Noticed Edmund
  4141 | D:4      | Killed Edmund
  4196 | D:4      | Found a glowing silver altar of Zin.
  4217 | D:5      | Entered Level 5 of the Dungeon
  4217 | D:5      | Found a stormy altar of Qazlal.
  4239 | D:5      | Reached skill level 8 in Axes
  4277 | D:5      | Received a gift from Trog
  4366 | D:5      | Reached XP level 8. HP: 66/71 MP: 7/7
  4636 | D:5      | Reached skill level 9 in Axes
  4951 | D:6      | Reached **** piety under Trog
  5071 | D:6      | Reached skill level 10 in Axes
  5840 | D:7      | Found Jaogunolel's Antique Armour Boutique.
  5860 | D:7      | Noticed a hippogriff
  5868 | D:7      | Reached XP level 9. HP: 61/81 MP: 8/8
  6073 | D:7      | Reached skill level 11 in Axes
  6186 | D:7      | Found a snail-covered altar of Cheibriados.
  6433 | D:7      | Noticed Prince Ribbit
  6444 | D:7      | Killed Prince Ribbit
  6483 | D:7      | Noticed Joseph
  6512 | D:7      | Killed Joseph
  6512 | D:7      | Reached skill level 12 in Axes
  6753 | D:7      | Found Kok Ifukk's Antique Weapon Boutique.
  6798 | D:7      | Found a staircase to the Ecumenical Temple.
  6895 | D:7      | Found Ciywkun's Food Shoppe.
  6986 | D:7      | Found Untitaicw's Antique Weapon Boutique.
  7014 | D:7      | Found a burning altar of Makhleb.
  7124 | D:8      | Noticed a kobold demonologist
  7130 | D:8      | Reached ***** piety under Trog
  7130 | D:8      | Noticed a kobold demonologist
  7134 | D:8      | Killed a kobold demonologist
  7134 | D:8      | Reached XP level 10. HP: 91/91 MP: 9/9
  7137 | D:8      | Noticed an orange demon
  7942 | D:8      | Found a shimmering altar of Xom.
  8125 | D:9      | Reached skill level 13 in Axes
  8165 | D:9      | Reached skill level 10 in Fighting
  8415 | D:9      | Found a staircase to the Orcish Mines.
  8436 | D:9      | Got an iridescent hunting sling
  8460 | D:9      | Found a white marble altar of Elyvilon.
  8479 | D:9      | Noticed Maurice
  8491 | D:9      | Killed Maurice
  8692 | D:9      | Found a shadowy altar of Dithmenos.
  8692 | D:9      | Found a shattered altar of Ashenzari.
  9161 | D:10     | Entered Level 10 of the Dungeon
  9348 | D:10     | Reached skill level 10 in Armour
  9369 | D:10     | Noticed a two-headed ogre
  9476 | Orc:1    | Entered Level 1 of the Orcish Mines
  9486 | Orc:1    | Noticed an orc knight
  9495 | Orc:1    | Killed an orc knight
  9495 | Orc:1    | Reached skill level 1 in Shields
  9507 | Orc:1    | Noticed an orc sorcerer
  9510 | Orc:1    | Paralysed by an orc sorcerer for 5 turns
  9522 | Orc:1    | Killed from afar by an orc sorcerer

Vault maps used:
D:1:      onia_arrival_mini_maze, kennysheep_small_spiral
D:2:      lemuel_crystal_altar, nicolae_gozag_cash_rules_everything_around_me
D:3:      lemuel_doored_altar, kiku_gazebo_pond_becter, vehumet_crystals,
          eat_drink_and_be_merry_uskayaw, minmay_misc_feat_hallway, uniq_grinder
D:4:      kennysheep_mini_moat, first_ration, uniq_edmund, uniq_blork_the_orc
D:5:      lemuel_round_altar
D:6:      hangedman_decor_growths, st_stairs_1
D:7:      lightli_temple_of_fire, marbit_many_paths, temple_statues,
          serial_shops, shop, shop, nicolae_shop_overgrown_old_shop,
          nicolae_shop_trees, uniq_joseph, uniq_prince_ribbit1
D:8:      kennysheep_little_box
D:9:      elyvilon_altar_4, gammafunk_temple_overflow_wave, orc_0_dummy,
          grunt_pizzeria, uniq_maurice
D:10:     serial_shops, shop, uniq_grum

Skill      XL: |  1  2  3  4  5  6  7  8  9 10 |
---------------+-------------------------------+-----
Axes           | 4 5 6 7 8 10 12 13 | 13.9
Fighting       | 4 5 6 7 9 10 | 10.5
Armour         | 3 4 5 7 9 10 | 10.2
Shields        | 2 |  2.0
Dodging        | |  2.2

Action                   |  1- 3 |  4- 6 |  7- 9 | 10-12 || total
-------------------------+-------+-------+-------+-------++-------
Melee: Hand axe          |    93 |    66 |       |       ||   159
       Headbutt          |    15 |    14 |    66 |    39 ||   134
       Spear             |       |    24 |   345 |   223 ||   592
       War axe           |       |       |       |    13 ||    13
Throw: Tomahawk          |       |     8 |     1 |     7 ||    16
Invok: Berserk           |     1 |     3 |     8 |     3 ||    15
       Trog's Hand       |       |       |     3 |     3 ||     6
       Brothers in Arms  |       |       |     1 |     3 ||     4
  Use: Scroll            |       |     1 |     3 |     4 ||     8
       Potion            |       |       |       |     3 ||     3
  Eat: Chunk             |     4 |    10 |    18 |    11 ||    43
       Ration            |       |     3 |       |       ||     3
Armor: Animal skin       |     8 |       |       |       ||     8
       Chain mail        |    15 |    57 |   146 |       ||   218
       Plate armour      |       |       |    13 |    71 ||    84
Dodge: Dodged            |    53 |    47 |   121 |    55 ||   276
Block: Buckler           |       |       |       |     3 ||     3

Table legend:
 A = Spawn XP
 B = Non-spawn XP
 C = Spawn XP percentage of total XP
 D = Spawn monster count
 E = Non-spawn monster count
 F = Spawn count percentage of total count
 G = Total turns spent on level
                    A         B        C        D         E        F      G
               +---------+---------+-------+---------+---------+-------+---------
         Total |       0 |   10299 |   0.0 |       0 |     251 |   0.0 |  9522
               +---------+---------+-------+---------+---------+-------+---------
           D:1 |       0 |      46 |   0.0 |       0 |      26 |   0.0 |  1126
           D:2 |       0 |      41 |   0.0 |       0 |      14 |   0.0 |  1148
           D:3 |       0 |     603 |   0.0 |       0 |      37 |   0.0 |  1277
           D:4 |       0 |     351 |   0.0 |       0 |      19 |   0.0 |   695
           D:5 |       0 |     726 |   0.0 |       0 |      29 |   0.0 |   733
           D:6 |       0 |     940 |   0.0 |       0 |      27 |   0.0 |   858
           D:7 |       0 |    2696 |   0.0 |       0 |      32 |   0.0 |  1279
           D:8 |       0 |    1492 |   0.0 |       0 |      34 |   0.0 |   916
           D:9 |       0 |    2224 |   0.0 |       0 |      24 |   0.0 |  1409
          D:10 |       0 |      81 |   0.0 |       0 |       3 |   0.0 |    35
         Orc:1 |       0 |    1099 |   0.0 |       0 |       6 |   0.0 |    46
               +---------+---------+-------+---------+---------+-------+---------
